 Dungeon Crawl Stone Soup version 0.21.0-3-g78d12a8 (webtiles) character file.

18504 Inarius the Frost Mage (level 12, -4/84 HPs)
             Began as a Green Draconian Ice Elementalist on Jan 10, 2018.
             Was a Priest of Hepliaklqana.
             Slain by a freezing wraith (5 damage)
             ... led by a death knight
             ... on level 12 of the Dungeon.
             The game lasted 00:52:40 (13338 turns).

Inarius the Frost Mage (DrIE)                      Turns: 13338, Time: 00:52:41

Health: -4/84      AC: 12    Str: 17    XL:     12   Next: 28%
Magic:  15/23      EV: 14    Int: 22    God:    Hepliaklqana [***...]
Gold:   249        SH:  2    Dex: 11    Spells: 14/26 levels left

rFire    x . .     SeeInvis .   p - +3 quarterstaff (chaos)
rCold    + . .     Gourm    .   (shield currently unavailable)
rNeg     . . .     Faith    .   (armour unavailable)
rPois    +         Spirit   .   (helmet restricted)
rElec    .         Reflect  +   C - +2 cloak {+Inv}
rCorr    .         Harm     .   v - +0 pair of gloves
MR       +....     Rnd*Rage +   (no boots)
Stlth    ++........             z - +2 amulet of reflection
HPRegen  0.64/turn              r - ring of ice
MPRegen  0.18/turn              (no ring)

@: mighty, slowed, very slow
A: breathe noxious fumes, unfitting armour, reduced essence, berserk 1, magic
resistance 1, poison resistance, regeneration 1, strong 1, cold-blooded, AC +8
a: Breathe Noxious Fumes, Recall Ancestor, Ancestor Identity, Transference,
Renounce Religion, Evoke Invisibility


You were on level 12 of the Dungeon.
You worshipped Hepliaklqana.
Hepliaklqana was most pleased with you.
You were hungry.

You visited 1 branch of the dungeon, and saw 12 of its levels.
You also visited: Sewer.

You collected 573 gold pieces.
You spent 324 gold pieces at shops.

Inventory:

Hand Weapons
 a - the +6 whip "Ovetz" {elec, *Slow MR+ SInv}
   (You found it on level 11 of the Dungeon)

   Occasionally, upon striking a foe, it will discharge some electrical energy
   and cause terrible harm.
   It affects your resistance to hostile enchantments.
   It lets you see invisible.
   It may slow you when you take damage.
 p - a +3 quarterstaff of chaos (weapon)
 D - a +3 dagger of chaos
Armour
 v - a +0 pair of gloves (worn)
 C - a +2 cloak of invisibility (worn)
Jewellery
 r - a ring of ice (left hand)
 u - an uncursed amulet of guardian spirit
 w - an uncursed ring of fire
 z - a +2 amulet of reflection (around neck)
Wands
 q - a wand of flame (31)
 B - a wand of iceblast (14)
 H - a wand of paralysis (10)
 J - a wand of polymorph (36)
Scrolls
 e - a scroll of brand weapon {unknown}
 f - 11 scrolls of teleportation
 g - a scroll of blinking
 h - 2 scrolls of enchant armour
 j - 3 scrolls of fear
 s - 3 scrolls of amnesia
 x - 3 scrolls of immolation
 y - 2 scrolls of remove curse
 A - a scroll of magic mapping
 F - a scroll of fog
Potions
 d - 3 potions of mutation
 i - 3 potions of flight
 k - a potion of brilliance
 l - 6 potions of curing
 o - a potion of cancellation
 G - 2 potions of lignification
 I - a potion of might
Comestibles
 b - 22 rations
 c - 5 chunks of flesh


   Skills:
 - Level 5.1 Fighting
   Level 0.3(0.6) Axes
 - Level 0.9(1.6) Maces & Flails
 - Level 2.0(2.1) Staves
 - Level 5.3 Dodging
 - Level 1.7 Stealth
 + Level 7.8 Spellcasting
 + Level 5.2 Conjurations
 + Level 4.9 Charms
 + Level 3.3 Summonings
 * Level 13.6 Ice Magic
 * Level 3.0 Invocations
 * Level 4.6 Evocations


You had 14 spell levels left.
You knew the following spells:

 Your Spells              Type           Power        Failure   Level  Hunger
a - Freeze                Ice            ####         1%          1    None
b - Ozocubu's Armour      Chrm/Ice       ######..     1%          3    None
c - Throw Icicle          Conj/Ice       ######..     1%          4    ###....
d - Summon Ice Beast      Ice/Summ       ######..     2%          4    ###....


Dungeon Overview and Level Annotations

Branches:
Dungeon (12/15)            Temple (0/1) D:6            Lair (0/6) D:8
    Orc: D:9-12

Altars:
Ashenzari
Dithmenos
Hepliaklqana
Kikubaaqudgha
Makhleb
Uskayaw
Zin

Shops:
D:4 ?   D:5 :   D:9 %   D:12 ?

Annotations:
D:12 Kirke


Innate Abilities, Weirdness & Mutations

You can breathe blasts of noxious fumes.
Your lurid green scales are hard. (AC +8)
You cannot fit into any form of body armour.
Your system is resistant to poisons. (rPois)
You are cold-blooded and may be slowed by cold attacks.
Your life essence is reduced to manifest your ancestor. (-10% HP)
You tend to lose your temper in combat.
You are resistant to hostile enchantments. (MR+)
Your natural rate of healing is unusually fast.
Your muscles are strong. (Str +2)


Message History

The freezing wraith is severely damaged.
You block the freezing wraith's attack. The freezing wraith hits you.
* * * LOW HITPOINT WARNING * * *
The freezing wraith drains your vigour!
You feel as though you will be slow longer.
The freezing wraith hits you.
* * * LOW HITPOINT WARNING * * *
The freezing wraith freezes you! You resist.
* * * LOW HITPOINT WARNING * * *
The freezing wraith hits you but does no damage.
You feel very mighty all of a sudden.
The freezing wraith hits you but does no damage.
The freezing wraith hits you.
* * * LOW HITPOINT WARNING * * *
The freezing wraith drains your vigour!
You feel as though you will be slow longer.
The freezing wraith hits you!
* * * LOW HITPOINT WARNING * * *
The freezing wraith freezes you. You resist.
You die...

......)..# #. #W# ########.#
#. #.# #.#####W #.# #.#....p
#########.#
#########.#.######.).......#
.(...............'.†........
########..#.######.........#
#..#W######.........#
#..#@.....#.........#
#..#..###.#...(.....#
#..#..#...#########.#
#..#..#...#########.#
#..#..#...........#.#
#..#<....########.#.#
#..#.....######.#.#
#..#..#.........#.#
#..#..#<........#.#


You could see a freezing wraith.

Vanquished Creatures
  A two-headed ogre (D:12)
  Urug (D:12)
  2 cyclopes
  2 ugly things
  Joseph (D:9)
  Psyche (D:8)
  A gargoyle (D:10)
  The ghost of komo4ek the Cutter, a novice HuGl of Yredelemnul (D:4)
  The ghost of Gandalfino the Purveyor of Pain, a novice DsNe of Kikubaaqudgha (D:7)
  A troll (D:11)
  Prince Ribbit (D:6)
  3 slime creatures
  A hornet (D:10)
  2 wraiths (D:12)
  A yak (D:10)
  A hog (D:12)
  Menkaure (D:4)
  2 wargs (D:8)
  2 necrophages (D:11)
  3 orc warriors
  3 sky beasts
  Purgy (Sewer)
  A phantom (D:10)
  7 ogres
  5 centaurs
  3 big kobolds
  Blork the orc (D:4)
  3 bullfrogs
  A gnoll sergeant (D:7)
  A scorpion (D:4)
  3 killer bees (D:8)
  8 wights
  3 howler monkeys
  3 crimson imps
  2 bullfrog zombies
  2 centaur zombies
  5 orc priests
  A bullfrog skeleton (D:5)
  3 centaur skeletons
  4 hounds
  An iron imp (D:6)
  3 jellies
  Crazy Yiuf (D:2)
  4 iguanas
  5 orc wizards
  7 worker ants
  A hound skeleton (D:6)
  A worker ant zombie (D:6)
  Robin (D:2)
  8 gnolls
  7 adders
  A shadow imp (D:7)
  5 oozes
  2 adder skeletons
  An adder zombie (D:5)
  2 worms
  2 dart slugs (D:3)
  12 leopard geckos
  50 orcs
  9 bats
  9 giant cockroaches
  14 goblins
  7 hobgoblins
  10 jackals
  6 quokkas
  7 frilled lizards
  17 kobolds
  8 rats
  A fungus (D:2)
291 creatures vanquished.

Vanquished Creatures (collateral kills)
  Gastronok (D:9)
  Nessos (D:11)
  A two-headed ogre (D:11)
  An unseen horror (D:11)
  2 ugly things (D:11)
  Maurice (D:8)
  2 trolls (D:11)
  A slime creature (D:12)
  4 yaks (D:10)
  A warg (D:8)
  A sky beast (D:9)
  2 ice beasts
  An eye of draining (D:11)
  A phantom (D:8)
  A crocodile (D:9)
  2 bullfrogs
  A scorpion (D:10)
  5 jellies
  5 wights
  A howler monkey (D:9)
  2 crimson imps (D:6)
  A bullfrog zombie (D:11)
  A hound (D:7)
  3 iguanas
  An orc wizard (D:9)
  A gnoll (D:7)
  An adder (D:10)
  2 oozes (D:11)
  A leopard gecko (D:7)
  5 orcs
  A quokka (D:6)
54 creatures vanquished.

Vanquished Creatures (others)
  An orc priest (D:5)
  2 ancestors (D:8)
  5 knights
  A worker ant (D:5)
9 creatures vanquished.

Grand Total: 354 creatures vanquished

Notes
Turn   | Place    | Note
-------+----------+-------------------------------------------
     0 | D:1      | Inarius the Draconian Ice Elementalist began the quest for the Orb.
     0 | D:1      | Reached XP level 1. HP: 14/14 MP: 3/3
   278 | D:1      | Reached XP level 2. HP: 20/20 MP: 3/5
  1023 | D:2      | Found a faded altar of an unknown god.
  1034 | D:2      | Reached XP level 3. HP: 21/26 MP: 6/6
  1040 | D:2      | Noticed a necrophage
  1173 | D:2      | Reached skill level 4 in Ice Magic
  1206 | D:2      | Learned a level 3 spell: Ozocubu's Armour
  1410 | D:2      | Noticed Robin
  1616 | D:2      | Killed Robin
  1616 | D:2      | Reached XP level 4. HP: 13/33 MP: 4/7
  1619 | D:2      | HP: 1/33 [goblin/uncursed dagger[Robin] (3)]
  1634 | D:2      | HP: 1/33 [goblin/stone[Robin] (1)]
  1648 | D:2      | HP: 1/33 [goblin/stone[Robin] (1)]
  2429 | D:2      | Found a runed door.
  2438 | D:2      | Learned a level 4 spell: Throw Icicle
  2528 | D:2      | Noticed Crazy Yiuf
  2533 | D:2      | Killed Crazy Yiuf
  2984 | D:3      | Reached XP level 5. HP: 38/38 MP: 4/9
  3154 | D:3      | Reached skill level 1 in Fighting
  3187 | D:3      | Found a shadowy altar of Dithmenos.
  3749 | D:4      | Noticed an ogre
  3751 | D:4      | Noticed Menkaure
  3915 | D:4      | Noticed an ogre
  3923 | D:4      | Killed an ogre
  3923 | D:4      | Reached skill level 1 in Staves
  3923 | D:4      | Reached XP level 6. HP: 27/46 MP: 5/10
  3959 | D:4      | Found a glowing drain.
  3978 | Sewer    | Entered a sewer
  4150 | Sewer    | Reached skill level 5 in Ice Magic
  4242 | Sewer    | Noticed Purgy
  4265 | Sewer    | Gained mutation: Your muscles are strong. (Str +2) [potion of mutation]
  4265 | Sewer    | Gained mutation: Your natural rate of healing is unusually fast. [potion of mutation]
  4265 | Sewer    | Gained mutation: You tend to lose your temper in combat. [potion of mutation]
  4265 | Sewer    | Gained mutation: You are resistant to hostile enchantments. (MR+) [potion of mutation]
  4273 | Sewer    | Killed Purgy
  4347 | D:4      | Noticed komo4ek's ghost (novice HuGl)
  4387 | D:4      | Killed komo4ek's ghost
  4387 | D:4      | Your scales start taking on a lurid green colour.
  4387 | D:4      | Reached XP level 7. HP: 41/58 MP: 7/11
  4387 | D:4      | Gained mutation: Your system is resistant to poisons. (rPois) [Green Draconian growth]
  4456 | D:4      | Reached skill level 1 in Charms
  4567 | D:4      | Noticed Blork the orc
  4577 | D:4      | Killed Blork the orc
  4577 | D:4      | Reached skill level 6 in Ice Magic
  4644 | D:4      | Found Zinkaf's Magic Scroll Boutique.
  4681 | D:4      | Bought a scroll of identify for 26 gold pieces
  4681 | D:4      | Bought a scroll of identify for 26 gold pieces
  4754 | D:4      | Reached XP level 8. HP: 54/66 MP: 9/12
  4934 | D:4      | Killed Menkaure
  4934 | D:4      | Reached skill level 7 in Ice Magic
  5039 | D:5      | Entered Level 5 of the Dungeon
  5215 | D:5      | Reached skill level 8 in Ice Magic
  5550 | D:5      | Found Igaw Sajad's Book Emporium.
  5773 | D:5      | Reached skill level 9 in Ice Magic
  5868 | D:5      | Reached XP level 9. HP: 52/71 MP: 8/15
  6431 | D:6      | Found a hazy altar of Hepliaklqana.
  6434 | D:6      | Became a worshipper of Hepliaklqana the Forgotten
  6569 | D:6      | Found a staircase to the Ecumenical Temple.
  6600 | D:6      | Noticed Prince Ribbit
  6606 | D:6      | Killed Prince Ribbit
  6606 | D:6      | Reached skill level 10 in Ice Magic
  6650 | D:6      | Reached skill level 5 in Spellcasting
  7043 | D:7      | Noticed Gandalfino's ghost (novice DsNe)
  7058 | D:7      | Killed Gandalfino's ghost
  7571 | D:7      | Reached XP level 10. HP: 16/72 MP: 18/18
  7688 | D:7      | Found a shattered altar of Ashenzari.
  7691 | D:7      | Reached * piety under Hepliaklqana
  7695 | D:7      | Found a hide-covered altar of Uskayaw.
  7838 | D:7      | Found a burning altar of Makhleb.
  7840 | D:7      | Found a glowing silver altar of Zin.
  7840 | D:7      | Noticed an angel
  7840 | D:7      | Noticed a blizzard demon
  8265 | D:8      | Noticed a purple ugly thing
  8282 | D:8      | Killed a purple ugly thing
  8282 | D:8      | Reached skill level 5 in Fighting
  8466 | D:8      | Reached skill level 5 in Dodging
  8507 | D:8      | Noticed Maurice
  8516 | D:8      | Killed Maurice
  8516 | D:8      | Reached skill level 11 in Ice Magic
  8624 | D:8      | Reached skill level 1 in Evocations
  8736 | D:8      | Found a staircase to the Lair.
  8753 | D:8      | Reached ** piety under Hepliaklqana
  8754 | D:8      | Remembered your ancestor Onaxys as a knight
  8771 | D:8      | Noticed Psyche
  8773 | D:8      | Killed Psyche
  9634 | D:9      | Noticed Gastronok
  9649 | D:9      | Killed Gastronok
  9649 | D:9      | Reached XP level 11. HP: 61/77 MP: 4/20
 10084 | D:9      | Found an ancient bone altar of Kikubaaqudgha.
 10250 | D:9      | Noticed Joseph
 10261 | D:9      | Killed Joseph
 10261 | D:9      | Reached skill level 12 in Ice Magic
 10317 | D:9      | Found Ucwanna's Food Shoppe.
 10418 | D:10     | Entered Level 10 of the Dungeon
 10635 | D:10     | Learned a level 4 spell: Summon Ice Beast
 10837 | D:10     | Reached skill level 1 in Summonings
 10970 | D:10     | Reached *** piety under Hepliaklqana
 11189 | D:11     | Got a fine whip
 11190 | D:11     | Identified the +6 whip "Ovetz" {elec, *Slow MR+ SInv} (You found it on level 11 of the Dungeon)
 11314 | D:11     | Noticed a two-headed ogre
 11320 | D:11     | Killed a two-headed ogre
 11959 | D:11     | Noticed a cyan ugly thing
 11968 | D:11     | Killed a cyan ugly thing
 11968 | D:11     | Reached skill level 13 in Ice Magic
 12148 | D:11     | Reached skill level 1 in Invocations
 12660 | D:12     | Reached skill level 5 in Conjurations
 12763 | D:12     | Found Woffa's Magic Scroll Shop.
 12766 | D:12     | Bought a scroll of enchant armour for 120 gold pieces
 12766 | D:12     | Bought a scroll of enchant armour for 120 gold pieces
 12766 | D:12     | Bought a scroll of identify for 32 gold pieces
 12797 | D:12     | Noticed Kirke
 12810 | D:12     | Noticed Kirke
 12810 | D:12     | Kirke changed into Kirke the azure jelly
 12906 | D:12     | Noticed a white ugly thing
 12907 | D:12     | Noticed Nessos
 12917 | D:11     | Killed Nessos
 12917 | D:11     | Reached XP level 12. HP: 64/84 MP: 8/23
 13142 | D:12     | Noticed Urug
 13147 | D:12     | Killed Urug
 13222 | D:12     | Noticed a two-headed ogre
 13228 | D:12     | Killed a two-headed ogre
 13277 | D:12     | Noticed a death knight
 13338 | D:12     | HP: 1/84 [freezing wraith[a death knight] (9)]
 13338 | D:12     | Slain by a freezing wraith

Skill      XL: |  1  2  3  4  5  6  7  8  9 10 11 12 |
---------------+-------------------------------------+-----
Dodging        | 2 4 5 |  5.3
Ice Magic      | 4 5 6 9 10 11 13 | 13.6
Fighting       | 1 3 4 5 |  5.1
Staves         | 1 2 |  2.0
Spellcasting   | 3 4 5 6 7 |  7.8
Charms         | 1 2 3 4 |  4.9
Conjurations   | 2 3 5 |  5.2
Evocations     | 3 4 |  4.6
Summonings     | 3 |  3.3
Invocations    | 2 3 |  3.0
Axes           | |  0.3
Maces & Flails | |  0.9
Stealth        | |  1.7

Action                   |  1- 3 |  4- 6 |  7- 9 | 10-12 || total
-------------------------+-------+-------+-------+-------++-------
Melee: Hand axe          |    41 |       |       |       ||    41
       Unarmed           |     3 |       |       |       ||     3
       Tailslap          |     6 |    18 |    32 |    40 ||    96
       Dagger            |    45 |    42 |       |       ||    87
       Quarterstaff      |       |   152 |   371 |   335 ||   858
       Whip              |       |       |       |     7 ||     7
 Cast: Freeze            |    18 |       |       |       ||    18
       Ozocubu's Armour  |     2 |     2 |     6 |    16 ||    26
       Throw Icicle      |       |       |     7 |    75 ||    82
       Summon Ice Beast  |       |       |       |    11 ||    11
Invok: Ancestor Identity |       |       |     1 |       ||     1
       Ancestor Life: Kn |       |       |       |     1 ||     1
 Abil: Breathe Noxious F |       |       |       |     1 ||     1
  Use: Scroll            |       |     7 |     5 |     9 ||    21
       Potion            |       |     9 |     1 |     4 ||    14
 Stab: Sleeping          |     5 |     4 |     1 |     1 ||    11
       Distracted        |       |       |     3 |     1 ||     4
       Petrifying        |       |       |     4 |     1 ||     5
       Paralysed         |       |       |     2 |     2 ||     4
       Petrified         |       |       |     1 |       ||     1
       Confused          |       |       |     2 |     2 ||     4
  Eat: Chunk             |     2 |     6 |    10 |    26 ||    44
       Ration            |       |     1 |     1 |     1 ||     3
Armor: Skin              |    37 |   105 |   143 |   136 ||   421
Dodge: Dodged            |    74 |   123 |   249 |   259 ||   705
Block: Other             |       |       |     2 |    29 ||    31
